 Dungeon Crawl Stone Soup version 0.29.1-2-gbd0b4ee654 (webtiles) character file.

Game seed: 14108648229159876146

4645 qeuew the Trooper (level 10, -4/77 HPs)
             Began as a Demonspawn Gladiator on Nov 14, 2022.
             Was a Follower of Ashenzari.
             Slain by a death yak (23 damage)
             ... on level 10 of the Dungeon.
             The game lasted 00:12:27 (10516 turns).

qeuew the Trooper (Demonspawn Gladiator)           Turns: 10516, Time: 00:12:28

Health: -4/77      AC: 11    Str: 15    XL:     10   Next: 20%
Magic:  18/26      EV: 14    Int: 17    God:    Ashenzari [*.....]
Gold:   580        SH:  4    Dex: 15    Spells: 19/19 levels left

rFire   . . .      SeeInvis +   A - +0 war axe (flame)
rCold   . . .      Faith    .   (no shield)
rNeg    . . .      Spirit   .   a - +0 troll leather armour
rPois   .          Reflect  .   c - +0 helmet "Revealing Seer" {Melee, Fort} (curse)
rElec   .          Harm     .   (no cloak)
rCorr   .          Rampage  .   b - +2 pair of gloves of Ashenzari's Idealism {infuse, Melee, Alch} (curse)
Will    .....                   (no boots)
Stlth   +.........              (no amulet)
HPRegen 1.02/turn               r - ring of see invisible
MPRegen 0.20/turn               h - ring of magical power

@: mighty, invisible
A: claws 2, spiny 1, sharp scales 2, condensation shield, hooves 1, clever 2,
evolution 1, no potion heal 1, MP-powered wands
a: Renounce Religion, Shatter the Chains


You were on level 10 of the Dungeon.
You worshipped Ashenzari.
Ashenzari was aware of your devotion.
You visited 2 branches of the dungeon, and saw 11 of its levels.
You also visited: Ossuary.

You collected 580 gold pieces.

Inventory:

Hand Weapons
 A - a +0 war axe of flaming (weapon)
Missiles
 d - 3 throwing nets (quivered)
 e - a javelin
Armour
 a - a +0 troll leather armour (worn)
 b - the cursed +2 pair of gloves of Ashenzari's Idealism (worn) {infuse, Melee, Alch}
   (You acquired it on level 2 of the Dungeon)

   It has a curse which improves the following skills: Melee Combat: Short
   Blades, Long Blades, Axes, Maces & Flails, Polearms, Staves and Unarmed
   Combat.
   Alchemy:   Poison Magic and Transmutations.
 c - the cursed +0 helmet "Revealing Seer" (worn) {Melee, Fort}

   It has a curse which improves the following skills: Melee Combat: Short
   Blades, Long Blades, Axes, Maces & Flails, Polearms, Staves and Unarmed
   Combat.
   Fortitude: Armour and Shields.
Jewellery
 h - a ring of magical power (right hand)
 r - a ring of see invisible (left hand)
Wands
 p - a wand of digging (7)
 q - a wand of roots (9)
 y - a wand of paralysis (10)
Scrolls
 f - 3 scrolls of magic mapping
 j - 3 scrolls of fog
 k - 2 scrolls of amnesia
 n - 4 scrolls of teleportation
Potions
 g - a potion of berserk rage
 i - 3 potions of curing
 o - a potion of haste
 s - a potion of invisibility
 u - 2 potions of resistance
 v - a potion of brilliance
 w - 2 potions of magic
 x - 2 potions of flight


   Skills:
 + Level 6.5 Fighting
 + Level 6.3(7.6) Axes
 + Level 5.8 Throwing
 + Level 5.5(6.4) Armour
 + Level 6.1 Dodging
 + Level 5.1 Spellcasting


You had 19 spell levels left.
You didn't know any spells.
Your spell library contained the following spells:

 Spells                   Type           Power      Damage    Failure   Level
 Beastly Appendage        Tmut           8%         N/A       16%         1
 Foxfire                  Conj/Fire      16%        2x1d4     17%         1
 Magic Dart               Conj           16%        1d3       17%         1
 Wereblood                Tmut           4%         N/A       24%         2
 Call Imp                 Summ           4%         N/A       26%         2
 Spider Form              Tmut/Pois      4%         N/A       43%         3
 Conjure Flame            Conj/Fire      4%         6-21      45%         3
 Inner Flame              Hex/Fire       4%         N/A       45%         3
 Mephitic Cloud           Conj/Pois/Air  4%         N/A       45%         3
 Flame Wave               Conj/Fire      4%         2d5       86%         4


Dungeon Overview and Level Annotations

Branches:
Dungeon (10/15)            Temple (1/1) D:6            Lair (0/5) D:10
Ossuary (visited)
    Orc: D:9-12

Altars:
Ashenzari
Cheibriados
Dithmenos
Fedhas
Gozag
Hepliaklqana
Kikubaaqudgha
Makhleb
Nemelex Xobeh
Okawaru
Qazlal
Ru
Sif Muna
Trog
Uskayaw
Vehumet
Wu Jian
Xom
Yredelemnul

Annotations:
D:9 3 runed translucent doors, Lutefisk's ghost, novice OpTm; mortz's ghost, journeyman GrMo; qeuew's ghost, novice BaFi


Innate Abilities, Weirdness & Mutations

You have very sharp fingernails.
You are partially covered in sharp spines.
You are mostly covered in razor-sharp scales. (AC +2, Slay +2)
A meltable shield of frost defends you. (SH +4)
You have large cloven feet.
Your mind is very acute. (Int +8, Str/Dex -2)
You have hidden genetic potential.
Potions are less effective at restoring your health.
You expend magic power (3 MP) to strengthen your wands.


Message History

You kick the death yak, but do no damage.
The death yak is lightly wounded.
You barely miss the death yak. The death yak barely misses you.
The death yak gores you.
You slice the death yak!! You burn the death yak!
The death yak is severely wounded.
You completely miss the death yak. The death yak barely misses you.
The death yak is struck by your spines. The death yak closely misses you.
You hit the death yak but do no damage. You kick the death yak!
You punch the death yak!
The death yak is almost dead.
You slash the death yak! You burn the death yak. The death yak gores you!
The death yak closely misses you.
You hit the death yak but do no damage.
The death yak is almost dead.
You slash the death yak! You burn the death yak. You slash the river rat!
You burn the river rat.
You kill the river rat!
The death yak gores you. The death yak is struck by your spines.
The death yak gores you!! The death yak attacks as you move away!
The death yak gores you!
You are too injured to fight recklessly!
You barely miss the death yak. Your kick misses the death yak.
The death yak is heavily wounded.
The death yak is struck by your spines. The death yak closely misses you.
You feel a genetic drift.
You feel clever.
You slash the death yak! You burn the death yak. You kick the death yak.
The death yak is severely wounded.
The rat twitches its whiskers.
The death yak gores you. The death yak is struck by your spines.
The death yak gores you!!
* * * LOW HITPOINT WARNING * * *
Unknown command.
Your system partially rejects the healing.
You feel much better. The death yak gores you.
* * * LOW HITPOINT WARNING * * *
You fade into invisibility!
The death yak gores you!!
You die...

###.....##......#
..#.....##......#
..#.....####.####
..'......# #.#
..#......# #.#
..######.# #.#
.......#.#
#.##### ..####.#
# #.....# ..#
#####@# .[####.#
####Y#######
##.....#
#..rYr.r...# #
#.#####
#.......##....##
#.# #.......##
.... #.#
####+##..# .....
#.# ##.#......
#.# #...O.Y..
#.### ##.......


You could see 2 death yaks, a river rat (unable to see you) and a rat (unable to
see you).

Vanquished Creatures
  A two-headed ogre (D:10)
  A death yak (D:10)
  A troll (D:9)
  2 steam dragons (D:9)
  An acid dragon (D:10)
  Duvessa (D:6)
  2 water moccasins
  An orc warrior (D:8)
  2 ice beasts
  2 sky beasts (D:7)
  3 kobold brigands
  Blork the orc (D:6)
  4 bullfrogs
  2 necrophages
  5 scorpions
  Dowan (D:6)
  5 howler monkeys
  2 human zombies (Ossuary)
  A centaur zombie (Ossuary)
  A hound (D:4)
  2 gnoll boudas
  3 orc priests
  2 jellies
  Terence (D:3)
  5 iguanas
  2 orc wizards
  2 mummies (Ossuary)
  8 gnolls
  12 adders
  4 river rats
  A white imp (D:8)
  An ufetubus (D:4)
  3 adder zombies (Ossuary)
  4 worms
  5 dart slugs
  24 orcs
  6 ball pythons
  8 endoplasms
  3 giant cockroaches
  3 goblins
  3 hobgoblins
  12 jackals
  19 kobolds
  4 quokkas
  5 bats
  A frilled lizard (D:2)
  14 hobgoblin zombies (Ossuary)
  3 jackal zombies (Ossuary)
  6 kobold zombies (Ossuary)
  5 orc zombies (Ossuary)
  12 rats
  2 rat zombies (Ossuary)
224 creatures vanquished.

Notes
Turn   | Place    | Note
-------+----------+-------------------------------------------
     0 | D:1      | qeuew the Demonspawn Gladiator began the quest for the Orb.
     0 | D:1      | Reached XP level 1. HP: 16/16 MP: 1/1
   453 | D:1      | Found a faded altar of an unknown god.
   550 | D:1      | Gained mutation: You are partially covered in razor-sharp
                  | scales. (AC +1, Slay +1) [demonic ancestry]
   550 | D:1      | Reached XP level 2. HP: 22/22 MP: 2/2
  1158 | D:2      | Reached XP level 3. HP: 9/28 MP: 3/3
  1524 | D:2      | Reached skill level 1 in Armour
  2211 | D:2      | Identified a scroll of acquirement
  2211 | D:2      | Acquired a +2 pair of gloves of infusion
  2253 | D:3      | Reached XP level 4. HP: 29/34 MP: 1/4
  2794 | D:3      | Gained mutation: A meltable shield of frost defends you.
                  | (SH +4) [demonic ancestry]
  2794 | D:3      | Reached XP level 5. HP: 40/40 MP: 3/6
  3092 | D:3      | Noticed Terence
  3098 | D:3      | Killed Terence
  3099 | D:3      | Reached skill level 1 in Spellcasting
  3142 | D:3      | Found an ancient bone altar of Kikubaaqudgha.
  3760 | D:4      | Gained mutation: You are mostly covered in razor-sharp
                  | scales. (AC +2, Slay +2) [demonic ancestry]
  3760 | D:4      | Reached XP level 6. HP: 47/47 MP: 0/8
  4589 | D:5      | Entered Level 5 of the Dungeon
  4617 | D:5      | Gained mutation: You are partially covered in sharp spines.
                  | [demonic ancestry]
  4617 | D:5      | Reached XP level 7. HP: 50/52 MP: 3/10
  5165 | D:5      | Found a sparkling altar of Nemelex Xobeh.
  5290 | D:5      | Found a hide-covered altar of Uskayaw.
  5348 | D:5      | Gained mutation: Your flesh is cold resistant. (rC+)
                  | [potion of mutation]
  5348 | D:5      | Gained mutation: You are weak. (Str -2) [potion of
                  | mutation]
  5348 | D:5      | Gained mutation: Potions are less effective at restoring
                  | your health. [potion of mutation]
  5349 | D:5      | Lost mutation: You are weak. (Str -2) [potion of mutation]
  5349 | D:5      | Lost mutation: Your flesh is cold resistant. (rC+) [potion
                  | of mutation]
  5349 | D:5      | Gained mutation: You expend magic power (3 MP) to
                  | strengthen your wands. [potion of mutation]
  5349 | D:5      | Gained mutation: Your mind is acute. (Int +4, Str/Dex -1)
                  | [potion of mutation]
  5349 | D:5      | Gained mutation: You have hidden genetic potential. [potion
                  | of mutation]
  5676 | D:6      | Gained mutation: You have sharp fingernails. [demonic
                  | ancestry]
  5676 | D:6      | Reached XP level 8. HP: 57/60 MP: 12/12
  5784 | D:6      | Found a staircase to the Ecumenical Temple.
  5793 | Temple   | Entered the Ecumenical Temple
  6171 | Temple   | Became a worshipper of Ashenzari the Shackled
  6374 | D:6      | Noticed Dowan
  6375 | D:6      | Noticed Duvessa
  6376 | D:6      | Noticed Blork the orc
  6429 | D:6      | Killed Duvessa
  6432 | D:6      | Killed Dowan
  6442 | D:6      | Gained mutation: You have great hidden genetic potential.
                  | [hidden potential]
  6597 | D:6      | Killed Blork the orc
  6943 | D:7      | Reached skill level 5 in Fighting
  6943 | D:7      | Reached skill level 5 in Axes
  6960 | D:7      | Reached skill level 5 in Dodging
  7368 | D:7      | Gained mutation: You have very sharp fingernails. [demonic
                  | ancestry]
  7368 | D:7      | Reached XP level 9. HP: 68/68 MP: 14/14
  7743 | D:8      | Found a sand-covered staircase.
  7750 | Ossuary  | Entered an ossuary
  8214 | D:8      | Found a blossoming altar of Fedhas.
  8264 | D:8      | Gained mutation: You have large cloven feet. [hidden
                  | potential]
  8264 | D:8      | Lost mutation: You have great hidden genetic potential.
                  | [hidden potential expressed]
  8621 | D:8      | Identified the +1 robe "Odwic" {rElec Str+2}
  8662 | D:8      | Reached skill level 5 in Throwing
  8867 | D:8      | Found a shimmering blue altar of Sif Muna.
  9611 | D:9      | Found a runed translucent gate.
  9611 | D:9      | Found a runed translucent gate.
  9611 | D:9      | Found a runed translucent gate.
  9613 | D:9      | Noticed Lutefisk's ghost (novice OpTm)
  9613 | D:9      | Noticed mortz's ghost (journeyman GrMo)
  9613 | D:9      | Noticed qeuew's ghost (novice BaFi)
  9808 | D:9      | Found an opulent altar of Gozag.
  9878 | D:9      | Noticed a troll
  9888 | D:9      | Killed a troll
  9889 | D:9      | Reached skill level 5 in Armour
 10074 | D:9      | Found a basalt altar of Yredelemnul.
 10175 | D:9      | Reached * piety under Ashenzari
 10348 | D:10     | Entered Level 10 of the Dungeon
 10467 | D:10     | Found a staircase to the Lair.
 10469 | D:10     | Noticed a death yak
 10469 | D:10     | Noticed a two-headed ogre
 10484 | D:10     | Killed a death yak
 10485 | D:10     | Reached skill level 5 in Spellcasting
 10485 | D:10     | Reached XP level 10. HP: 55/77 MP: 17/17
 10494 | D:10     | Noticed a death yak
 10495 | D:10     | Noticed a death yak
 10506 | D:10     | Killed a two-headed ogre
 10513 | D:10     | Gained mutation: Your mind is very acute. (Int +8, Str/Dex
                  | -2) [hidden potential]
 10516 | D:10     | Slain by a death yak

Illustrated notes

Levels and vault maps discovered:
D:1:      heliophobic_arrival_dark_side_of_the_moon, layout_basic,
          hellmonk_ecumenical_altar_inner_sanctum, minivault_14
D:2:      layout_loops_ring, basic_altar, ebering_dispersal_statue_hall,
          kennysheep_small_spiral, kennysheep_donut
D:3:      layout_basic, zin_scriptorium, nicolae_kikubaaqudgha_miasma_corner,
          lightli_sewer_entry_pipes, nicolae_figureground_pulse, uniq_terence
D:4:      layout_basic
D:5:      layout_rooms, lemuel_tele_altar, mainiacjoe_overflow_surrounded_room
D:6:      layout_layer_cave, minmay_temple_entry_proselytizer,
          uniq_blork_the_orc, uniq_duvessa
D:7:      layout_basic, kennysheep_little_box, grunt_ministairs_10
D:8:      layout_loops_ring, tgw_sif, mainiacjoe_overflow_alcove_2,
          enter_ossuary_2, grunt_decor_clamped
D:9:      layout_roguey, kennysheep_ying_yang,
          mainiacjoe_overflow_small_starburst, gammafunk_ghost_cemetery
D:10:     layout_basic, dpeg_lair_monsters
Temple:   nicolae_temple_slightly_damp_pantheon

Skill      XL: |  1  2  3  4  5  6  7  8  9 |
---------------+----------------------------+-----
Throwing       | 2 3 4 5 |  5.8
Dodging        | 3 4 5 6 |  6.1
Axes           | 3 4 5 6 |  6.3
Armour         | 1 2 3 4 5 |  5.5
Spellcasting   | 1 2 3 5 |  5.1
Fighting       | 3 4 5 6 |  6.5

Action                   |  1- 3 |  4- 6 |  7- 9 | 10-12 || total
-------------------------+-------+-------+-------+-------++-------
Melee: War axe           |   104 |   130 |   259 |     8 ||   501
       Punch             |       |     1 |     3 |     1 ||     5
       Kick              |       |       |    20 |     5 ||    25
Invok: Curse Item        |       |       |     2 |       ||     2
  Use: Scroll            |     8 |     4 |     7 |       ||    19
       Potion            |     2 |     2 |     4 |     2 ||    10
 Stab: Confused          |       |     1 |       |       ||     1
Armor: Ring mail         |    54 |    41 |    79 |       ||   174
       Troll leather arm |       |       |     4 |       ||     4
Dodge: Dodged            |    82 |    67 |   157 |     7 ||   313
Block: Other             |       |    13 |    45 |     1 ||    59
